 Dungeon Crawl Stone Soup version 0.31-a0-700-gf13585253f (webtiles) character file.

Game seed: 13092928248482445896

2875 qw the Skirmisher (level 9, -5/56 HPs)
             Began as a Gargoyle Hunter on Sept 7, 2023.
             Was a Priest of Okawaru.
             Killed by divine providence
             ... invoked by Jeremiah
              (16 damage)
             ... on level 7 of the Dungeon.
             The game lasted 00:02:27 (5826 turns).

qw the Skirmisher (Gargoyle Hunter)                 Turns: 5826, Time: 00:02:27

Health: -5/56      AC: 14    Str: 21    XL:     9   Next: 76%
Magic:  13/13      EV: 15    Int: 10    God:    Okawaru [***...]
Gold:   139        SH:  0    Dex: 17    Spells: 8/8 levels left

rFire   . . .        Y - +0 orcbow
rCold   . . .        (shield currently unavailable)
rNeg    + . .        e - +0 ring mail
rPois   inf          (no helmet)
rElec   +            d - +0 cloak
rCorr   .            (no gloves)
SInv    .            (no boots)
Will    .....        k - amulet of faith
Stlth   +++          c - +4 ring of slaying {mikee}
HPRegen 0.29/turn    p - +6 ring of strength
MPRegen 0.13/turn

%: faith
@: about to teleport, heroic
A: sickness immunity, AC +6, negative energy resistance 1, electricity
resistance, torment resistance 1, petrification resistance
a: Renounce Religion, Heroism


You were on level 7 of the Dungeon.
You worshipped Okawaru.
Okawaru was most pleased with you.
You visited 2 branches of the dungeon, and saw 8 of its levels.

You collected 349 gold pieces.
You spent 210 gold pieces at shops.


Innate Abilities, Weirdness & Mutations

You are immune to sickness and miasma.
Your stone body is resilient. (AC +6)
You are immune to poison.
You resist negative energy. (rN+)
You are resistant to electric shocks. (rElec)
You are resistant to unholy torment.
You are immune to petrification.


   Skills:
 + Level 6.6(11.6) Fighting
 - Level 10.0(15.0) Ranged Weapons
 - Level 4.1(9.1) Armour
 - Level 3.4(8.4) Dodging
 - Level 1.1(6.1) Stealth
 - Level 5.5 Invocations


You had 8 spell levels left.
You didn't know any spells.
Your spell library was empty.

Inventory:

Hand Weapons
 Y - a +0 orcbow (weapon)
Armour
 d - a +0 cloak (worn)
 e - a +0 ring mail (worn)
Jewellery
 c - a +4 ring of slaying (left hand) {mikee}
 k - an amulet of faith (around neck)
 l - an amulet of regeneration
 p - a +6 ring of strength (right hand)
Scrolls
 b - 4 scrolls of identify
 j - a scroll of teleportation
Potions
 a - 2 potions of curing
 f - 2 potions of haste
 g - a potion of resistance
 h - a potion of magic
 i - 2 potions of enlightenment
 m - a potion of heal wounds
 n - a potion of mutation

Dungeon Overview and Level Annotations

Branches:
Dungeon (7/15)             Temple (1/1) D:4

Altars:
Dithmenos
Fedhas
Gozag
Kikubaaqudgha
Makhleb
Nemelex Xobeh
Okawaru
Sif Muna
Trog
Vehumet
Wu Jian
Xom
Yredelemnul
Zin

Shops:
D:3 =   D:6 ![

Annotations:
D:3 2 transporters, qw's ghost, weakling MiHs
D:7 Jeremiah


Message History

Jeremiah is nearby!
You shoot an arrow. The arrow barely misses Jeremiah.
Jeremiah mumbles a slurred invocation.
Something smites you!
The butterfly disappears in a burst of colours!
The butterfly disappears in a burst of colours!
The butterfly disappears in a burst of colours!
You shoot an arrow. The arrow hits Jeremiah.
Jeremiah is lightly wounded.
The butterfly disappears in a burst of colours! x3
Jeremiah throws their arms up pleadingly.
Something smites you!
The butterfly disappears in a burst of colours! x2
The butterfly disappears in a burst of colours!
Enter note: You shoot an arrow.
The arrow misses the butterfly.
The arrow hits the butterfly!
You kill the butterfly!
The butterfly disappears in a burst of colours!
The butterfly disappears in a burst of colours! x2
Jeremiah hits you but does no damage.
The butterfly disappears in a burst of colours! x2
Jeremiah hops!
The butterfly disappears in a burst of colours!
The butterfly disappears in a burst of colours! x2
The butterfly disappears in a burst of colours! x3
The butterfly disappears in a burst of colours! x2
Jeremiah hops!
You shoot an arrow. The arrow barely misses Jeremiah.
The butterfly disappears in a burst of colours! x2
Jeremiah mumbles a slurred invocation.
Something smites you!
5826 ||| READING 2 scrolls of teleportation.
As you read the scroll of teleportation, it crumbles to dust.
You feel strangely unstable.
The butterfly disappears in a burst of colours!
Jeremiah cries, "Fearful master, protect me!"
Something smites you!
You die...
Jeremiah says, "O terrible one, your will is done."

#.....### #..# #.##.#
#.......### #..# #.##.###
#######...# #b.# #.##.#..
###.#######..# #.##.#.#
#.#b..b....# #.##.#.# #
#.#bb......# #.##.#.# #
#.#...b.bF.# #.##.#.# #
#.#..b.bbbb#######.##.#.#
#
#..b.#.b@..#........#.#..
#
####.+.....#.#####..#.###
# ###...)b#.....#.......
# #.........#.#..#.### #
#####b).#.#.#..#?# #
#####)#...#.#..#.# ####
#.....##....#|.#.# ...#
#####.#######.....>..#
...#
#......######.#.######


You could see Jeremiah.

Vanquished Creatures
  Pikel (D:6)
  Prince Ribbit (D:7)
  A shadow (D:7)
  Menkaure (D:6)
  2 ice beasts (D:7)
  A sky beast (D:6)
  A black bear (D:7)
  An ogre (D:4)
  3 centaurs
  Blork the orc (D:6)
  A kobold brigand (D:7)
  2 bullfrogs
  4 scorpions
  3 howler monkeys
  A crimson imp (D:7)
  3 hounds
  2 orc priests
  2 gnoll boudas
  2 sleepcaps (D:6)
  An iguana (D:5)
  3 orc wizards
  4 gnolls
  9 adders
  3 ufetubi (D:6)
  4 worms
  2 dart slugs
  28 orcs
  5 ball pythons
  4 endoplasms
  2 giant cockroaches
  11 goblins
  7 hobgoblins
  15 kobolds
  A quokka (D:1)
  10 bats
  5 frilled lizards
  11 rats
158 creatures vanquished.

Notes
Turn   | Place    | Note
-------+----------+-------------------------------------------
     0 | D:1      | qw the Gargoyle Hunter began the quest for the Orb.
     0 | D:1      | Reached XP level 1. HP: 12/12 MP: 1/1
     0 | D:1      | 0 ||| qw: Version: 0.3-a-76-g4403597
     0 | D:1      | 0 ||| qw: Game counter: 441
     0 | D:1      | 0 ||| qw: Melee chars always use a shield: true
     0 | D:1      | 0 ||| qw: God list: Okawaru
     0 | D:1      | 0 ||| qw: Allow faded altars: false
     0 | D:1      | 0 ||| qw: Do Orc after clearing Dungeon:15 true
     0 | D:1      | 0 ||| qw: Do second Lair branch before Depths: true
     0 | D:1      | 0 ||| qw: Lair rune preference: random
     0 | D:1      | 0 ||| qw: Goals: Normal
     0 | D:1      | 0 ||| PLANNING D:1-11
   187 | D:1      | Reached XP level 2. HP: 17/17 MP: 2/2
   653 | D:1      | 653 ||| UPGRADING to +0 ring mail.
   663 | D:1      | 663 ||| DROPPING +0 leather armour.
   664 | D:1      | 664 ||| DROPPING amulet of magic regeneration.
   665 | D:1      | 665 ||| READING scroll labelled LAMOMUCSUE.
   666 | D:1      | 666 ||| READING scroll labelled SIRUXO DAIRIO.
   667 | D:1      | 667 ||| READING scroll labelled FACWIR QUCLO.
   668 | D:1      | 668 ||| READING scroll labelled SOCAOXA SOHIM.
   669 | D:1      | 669 ||| DROPPING scroll of butterflies.
   726 | D:2      | Reached XP level 3. HP: 21/21 MP: 3/3
   738 | D:2      | Reached skill level 1 in Armour
   823 | D:2      | Reached skill level 5 in Ranged Weapons
  1170 | D:2      | Reached XP level 4. HP: 27/27 MP: 4/4
  1287 | D:2      | 1287 ||| READING scroll labelled QUNEAKO YWALL.
  1288 | D:2      | 1288 ||| DRINKING 2 viscous coppery potions.
  1289 | D:2      | 1289 ||| DRINKING 2 orange potions.
  1312 | D:3      | Found a transporter.
  1334 | D:3      | Reached skill level 3 in Fighting
  1348 | D:3      | HP: 6/28 [orc/+0 flail (7)]
  1541 | D:3      | Noticed a small abomination
  1649 | D:3      | Noticed qw's ghost (weakling MiHs)
  1672 | D:3      | Found Zoitabo's Jewellery Shoppe.
  1680 | D:3      | 1680 ||| SHOPLISTING +4 ring of protection (504 gold, have
                  | 86).
  1680 | D:3      | 1680 ||| SHOPLISTING +6 ring of dexterity (504 gold, have
                  | 86).
  1680 | D:3      | 1680 ||| SHOPLISTING amulet of the acrobat (420 gold, have
                  | 86).
  1680 | D:3      | 1680 ||| SHOPLISTING ring of ice (350 gold, have 86).
  1680 | D:3      | 1680 ||| SHOPLISTING ring of positive energy (280 gold,
                  | have 86).
  1680 | D:3      | 1680 ||| SHOPLISTING ring of protection from fire (350
                  | gold, have 86).
  1759 | D:3      | Found a transporter.
  2017 | D:3      | 2017 ||| Stepping ~*~*~tactically~*~*~ (outnumbered).
  2020 | D:3      | 2020 ||| Stepping ~*~*~tactically~*~*~ (outnumbered).
  2021 | D:3      | 2021 ||| Stepping ~*~*~tactically~*~*~ (outnumbered).
  2345 | D:3      | 2345 ||| UPGRADING to +0 cloak.
  2401 | D:4      | Reached XP level 5. HP: 32/32 MP: 5/5
  2431 | D:4      | Identified the +7 scimitar of Exquisite Death {flame, rPois
                  | rF+ Str+3 Stlth+}
  2456 | D:4      | HP: 4/32 [orc priest/nerve-wracking pain (5)]
  2457 | D:4      | 2457 ||| READING scroll of teleportation.
  2458 | D:4      | HP: 1/32 [orc priest/nerve-wracking pain (4)]
  2461 | D:4      | Reached skill level 6 in Ranged Weapons
  2630 | D:4      | Found a staircase to the Ecumenical Temple.
  2631 | D:4      | 2631 ||| PLANNING TEMPLE
  2641 | Temple   | Entered the Ecumenical Temple
  2642 | Temple   | 2642 ||| PLANNING OKAWARU WORSHIP
  2642 | Temple   | 2642 ||| UPGRADING to +4 ring of slaying {mikee}.
  2684 | Temple   | Became a worshipper of Warmaster Okawaru
  2685 | Temple   | 2685 ||| PLANNING D:1-11
  2822 | D:4      | 2822 ||| DRINKING potion of curing.
  2822 | D:4      | 2822 ||| (to cure confusion)
  2909 | D:4      | Noticed an ogre
  2916 | D:4      | Killed an ogre
  2917 | D:4      | Reached XP level 6. HP: 19/38 MP: 6/6
  3006 | D:4      | Reached * piety under Okawaru
  3053 | D:4      | Found a shadowy altar of Dithmenos.
  3177 | D:4      | Found a shimmering blue altar of Sif Muna.
  3241 | D:4      | 3241 ||| READING scroll labelled ZORU RYJEHEUHE.
  3242 | D:4      | 3242 ||| DRINKING 2 amethyst potions.
  3243 | D:4      | 3243 ||| READING 2 scrolls of identify.
  3243 | D:4      | 3243 ||| IDENTIFYING glowing coppery potion
  3244 | D:4      | 3244 ||| DROPPING potion of attraction.
  3248 | D:5      | Entered Level 5 of the Dungeon
  3265 | D:5      | Reached skill level 7 in Ranged Weapons
  3269 | D:5      | Reached skill level 1 in Invocations
  3509 | D:5      | Reached XP level 7. HP: 43/43 MP: 6/8
  3567 | D:5      | 3567 ||| FLEEEEING.
  3573 | D:5      | 3573 ||| INVOKING Heroism.
  3576 | D:5      | HP: 9/43 [something/puff of flame (4)]
  3577 | D:5      | 3577 ||| READING scroll of teleportation.
  3916 | D:5      | 3916 ||| READING scroll labelled PIRIUK MANASU.
  3917 | D:5      | 3917 ||| READING 4 scrolls of identify.
  3917 | D:5      | 3917 ||| IDENTIFYING sedimented sapphire potion
  3918 | D:5      | 3918 ||| READING 3 scrolls of identify.
  3918 | D:5      | 3918 ||| IDENTIFYING golden potion
  3919 | D:5      | 3919 ||| DROPPING potion of invisibility.
  4078 | D:6      | 4078 ||| INVOKING Heroism.
  4139 | D:6      | 4139 ||| SWAPPING to +0 orcbow.
  4141 | D:6      | Reached skill level 8 in Ranged Weapons
  4141 | D:6      | 4141 ||| RETREATING.
  4142 | D:6      | 4142 ||| DROPPING +0 shortbow of draining.
  4185 | D:6      | Reached skill level 3 in Invocations
  4196 | D:6      | 4196 ||| INVOKING Heroism.
  4252 | D:6      | Reached XP level 8. HP: 44/48 MP: 10/10
  4253 | D:6      | 4253 ||| INVOKING Heroism.
  4367 | D:6      | Noticed Pikel
  4368 | D:6      | 4368 ||| INVOKING Heroism.
  4381 | D:6      | Killed Pikel
  4381 | D:6      | Reached ** piety under Okawaru
  4404 | D:6      | Found Plog's Distillery.
  4410 | D:6      | 4410 ||| BUYING potion of curing (30 gold).
  4410 | D:6      | Bought a potion of curing for 30 gold pieces
  4410 | D:6      | 4410 ||| BUYING potion of enlightenment (50 gold).
  4410 | D:6      | Bought a potion of enlightenment for 50 gold pieces
  4410 | D:6      | 4410 ||| BUYING potion of heal wounds (50 gold).
  4410 | D:6      | Bought a potion of heal wounds for 50 gold pieces
  4410 | D:6      | 4410 ||| BUYING potion of mutation (80 gold).
  4410 | D:6      | Bought a potion of mutation for 80 gold pieces
  4410 | D:6      | 4410 ||| SHOPLISTING potion of resistance (100 gold, have
                  | 77).
  4461 | D:6      | Noticed Blork the orc
  4462 | D:6      | 4462 ||| INVOKING Heroism.
  4467 | D:6      | Killed Blork the orc
  4532 | D:6      | Noticed Menkaure
  4533 | D:6      | 4533 ||| INVOKING Heroism.
  4537 | D:6      | Killed Menkaure
  4615 | D:6      | Reached XP level 9. HP: 54/54 MP: 13/13
  4655 | D:6      | Reached skill level 9 in Ranged Weapons
  4864 | D:6      | Found Fonoyff's Armour Boutique.
  4870 | D:6      | 4870 ||| SHOPLISTING +1 ring mail of cold resistance (208
                  | gold, have 94).
  4870 | D:6      | 4870 ||| SHOPLISTING +4 ring mail of poison resistance (364
                  | gold, have 94).
  4985 | D:6      | 4985 ||| UPGRADING to amulet of faith.
  4990 | D:6      | 4990 ||| UPGRADING to +6 ring of strength.
  4991 | D:6      | 4991 ||| READING scroll labelled SAUSE JIR RISH.
  4992 | D:6      | 4992 ||| READING scroll labelled ZIOQUL QYOPLIQ.
  5011 | D:7      | 5011 ||| INVOKING Heroism.
  5100 | D:7      | 5100 ||| INVOKING Heroism.
  5105 | D:7      | Reached skill level 6 in Fighting
  5224 | D:7      | 5224 ||| INVOKING Heroism.
  5368 | D:7      | Reached *** piety under Okawaru
  5396 | D:7      | Found a shimmering altar of Xom.
  5396 | D:7      | Found a burning altar of Makhleb.
  5403 | D:7      | Reached skill level 10 in Ranged Weapons
  5436 | D:7      | Noticed Prince Ribbit
  5437 | D:7      | 5437 ||| INVOKING Heroism.
  5441 | D:7      | Killed Prince Ribbit
  5442 | D:7      | Reached skill level 3 in Dodging
  5477 | D:7      | 5477 ||| Stepping ~*~*~tactically~*~*~ (outnumbered).
  5478 | D:7      | 5478 ||| Stepping ~*~*~tactically~*~*~ (outnumbered).
  5749 | D:7      | Noticed Jeremiah
  5753 | D:7      | 5753 ||| FLEEEEING.
  5754 | D:7      | 5754 ||| FLEEEEING.
  5755 | D:7      | 5755 ||| FLEEEEING.
  5764 | D:7      | 5764 ||| READING 5 scrolls of identify.
  5764 | D:7      | 5764 ||| IDENTIFYING inky potion
  5770 | D:7      | 5770 ||| FLEEEEING.
  5784 | D:7      | 5784 ||| FLEEEEING.
  5802 | D:7      | 5802 ||| FLEEEEING.
  5803 | D:7      | 5803 ||| INVOKING Heroism.
  5825 | D:7      | HP: 11/56 [Jeremiah/divine providence (10)]
  5826 | D:7      | 5826 ||| READING 2 scrolls of teleportation.
  5826 | D:7      | Killed from afar by Jeremiah

Levels and vault maps discovered:
D:1:      minmay_arrival_three_doors, layout_loops_ring
D:2:      layout_basic, minivault_19
D:3:      minmay_recursive_quarters, layout_loops_corners, serial_shops,
          nicolae_shop_tiny_glass, gammafunk_ghost_abyssal_escape
D:4:      layout_basic, kennysheep_mini, lemuel_blue_sif_altar,
          minmay_temple_entry_junction_2
D:5:      layout_loops_ring, due_unseen_surprise
D:6:      layout_basic, serial_shops, nicolae_shop_industrial_runoff, shop,
          amcnicky_mini_corridor_feature, uniq_blork_the_orc, uniq_pikel,
          uniq_menkaure
D:7:      minmay_angry_zag, layout_basic,
          grunt_temple_overflow_champion_of_chaos, uniq_prince_ribbit1,
          uniq_jeremiah
Temple:   cyrus_temple_forest

Skill      XL: |  1  2  3  4  5  6  7  8  9 |
---------------+----------------------------+-----
Armour         | 1 4 |  4.1
Ranged Weapons | 5 6 7 8 10 | 10.0
Fighting       | 3 4 5 6 |  6.6
Invocations    | 1 3 5 |  5.5
Dodging        | 2 3 |  3.4
Stealth        | |  1.1

Action                     |  1- 3 |  4- 6 |  7- 9 || total
---------------------------+-------+-------+-------++-------
   Fire: Shortbow          |   110 |   185 |    42 ||   337
         Orcbow            |       |       |   201 ||   201
 Invoke: Heroism           |       |       |    12 ||    12
    Use: Scroll            |     4 |     4 |     8 ||    16
         Potion            |       |     4 |       ||     4
 Armour: Leather armour    |     6 |       |       ||     6
         Ring mail         |    10 |    58 |   105 ||   173
  Dodge: Dodged            |    17 |    47 |    85 ||   149

Table legend:
 A = Non-vault XP
 B = Vault XP
 C = Vault XP percentage of total XP
 D = Non-vault monster count
 E = Vault monster count
 F = Vault count percentage of total count
                 A         B        C        D         E       F
            +---------+---------+-------+---------+---------+-------
      Total |    2394 |    1714 |  41.7 |     137 |      21 |  13.3
            +---------+---------+-------+---------+---------+-------
        D:1 |      31 |       0 |   0.0 |      20 |       0 |   0.0
        D:2 |      51 |       0 |   0.0 |      27 |       0 |   0.0
        D:3 |      52 |      29 |  35.8 |      17 |      10 |  37.0
        D:4 |     345 |       0 |   0.0 |      21 |       0 |   0.0
        D:5 |     293 |       0 |   0.0 |      11 |       0 |   0.0
        D:6 |     855 |     917 |  51.7 |      28 |       3 |   9.7
        D:7 |     767 |     768 |  50.0 |      13 |       8 |  38.1
            +---------+---------+-------+---------+---------+-------
